 Dungeon Crawl Stone Soup version 0.30-a0-1094-g860fb061e7 (webtiles) character file.

Game seed: 12644818472418621671

89 lunkers the Slasher (level 5, -9/45 HPs)
             Began as a Meteoran Fighter on Apr 17, 2023.
             Killed by nerve-wracking pain
             ... invoked by an orc priest
              (13 damage)
             ... on level 4 of the Dungeon.
             The game lasted 00:01:58 (916 turns).

lunkers the Slasher (Meteoran Fighter)               Turns: 916, Time: 00:01:58

Health: -9/45      AC:  6    Str: 17    XL:     5   Next: 10%
Magic:  6/6        EV:  9    Int:  9    God:
Gold:   144        SH:  5    Dex: 16    Spells: 4/4 levels left

rFire   . . .      SeeInvis .    a - +0 long sword
rCold   . . .      Faith    .    c - +0 buckler
rNeg    . . .      Spirit   .    b - +0 scale mail
rPois   .          Reflect  .    (no helmet)
rElec   .          Rampage  .    (no cloak)
rCorr   .                        (no gloves)
Will    .....                    (no boots) Stlth
                                 (no amulet)
HPRegen 0.27/turn                (no ring)
MPRegen 0.10/turn                (no ring)

@: glowing
A: sense surroundings 1, otherworldly, glowing, explore regen
a: no special abilities


You were on level 4 of the Dungeon.
You visited 1 branch of the dungeon, and saw 5 of its levels.

You collected 144 gold pieces.

Inventory:

Hand Weapons
 a - a +0 long sword (weapon)
Armour
 b - a +0 scale mail (worn)
 c - a +0 buckler (worn)
Scrolls
 e - a scroll of noise {unknown}
 f - 5 scrolls of identify {unknown}
 i - a scroll of immolation {unknown}
 k - a scroll of enchant weapon {unknown}
 l - a scroll of blinking {unknown}
Potions
 d - a potion of might
 g - a potion of degeneration {unknown}
 h - a potion of magic {unknown}
 j - 2 potions of haste {unknown}
 m - 2 potions of curing {unknown}


   Skills:
 - Level 3.2 Fighting
 + Level 5.6 Long Blades
 - Level 3.6 Armour
 - Level 3.6 Shields


You had 4 spell levels left.
You didn't know any spells.
Your spell library contained the following spells:

 Spells                   Type           Power      Damage    Failure   Level
 Magic Dart               Conj           0%         1d3       87%         1
 Searing Ray              Conj           0%         2d4       95%         2
 Fulminant Prism          Conj/Hex       0%         3d5       100%        4


Dungeon Overview and Level Annotations

Branches:
Dungeon (5/15) Zot: 2050
 Temple: D:4-7

Altars:

Shops:
D:3 *


Innate Abilities, Weirdness & Mutations

You passively map a small area around you.
You are easily found by Zot.
You glow in the dark.
You regain HP and MP as you explore.


Message History

Unknown command.
You hit something but do no damage. Something hits you but does no damage.
You closely miss something.
You hear some strange, mumbled words.
You are confused.
You closely miss something. Something hits you but does no damage.
Something hits you.
* * * LOW HITPOINT WARNING * * *
You bump into the rock wall.
Something hits you.
* * * LOW HITPOINT WARNING * * *
You bump into the rock wall.
The orc priest mumbles some strange prayers to Beogh against you.
Something writhes in agony!
Something hits you.
* * * LOW HITPOINT WARNING * * *
You completely miss something. Something hits you.
* * * LOW HITPOINT WARNING * * *
You barely miss something. Something hits you but does no damage.
Unknown command.
You bump into the rock wall.
You feel less confused. Something hits you but does no damage.
You closely miss something.
The orc priest mumbles some strange prayers to Beogh against you.
Something writhes in agony!
Reactivating autopickup.
Unknown command.
The orc closely misses you. You block the orc priest's attack.
Items here: )))) [[.
You hit the orc but do no damage. The orc hits you with a +0 war axe!
* * * LOW HITPOINT WARNING * * *
You block the orc priest's attack.
You closely miss the orc priest. The orc barely misses you.
The orc priest hits you with a +0 short sword.
* * * LOW HITPOINT WARNING * * *
You hit the orc priest but do no damage.
The orc hits you with a +0 war axe.
* * * LOW HITPOINT WARNING * * *
The orc priest invokes the aid of Beogh against you.
Pain shoots through your body!
You die...

* , , , * * , ,
, , * ,* , * ,,
* #+# * * #.#
#######@# * *
......oo##
#..[##...######
.......>........
,
.........#######
* ........## *
.......##
....>#. #...##.


You could see an orc priest and an orc.

Vanquished Creatures
  A hound (D:5)
  An adder (D:2)
  3 worms (D:2)
  A dart slug (D:2)
  3 orcs
  A bat (D:2)
  An endoplasm (D:2)
  12 giant cockroaches (D:2)
  2 hobgoblins (D:1)
  A quokka (D:1)
  A ball python (D:1)
  A frilled lizard (D:2)
  5 goblins
  A kobold (D:3)
  A rat (D:1)
35 creatures vanquished.

Vanquished Creatures (others)
  An orc wizard (D:4)
1 creature vanquished.

Grand Total: 36 creatures vanquished

Notes
Turn   | Place    | Note
-------+----------+-------------------------------------------
     0 | D:1      | lunkers the Meteoran Fighter began the quest for the Orb.
     0 | D:1      | Reached XP level 1. HP: 19/19 MP: 2/2
   472 | D:1      | Reached skill level 3 in Long Blades
   472 | D:1      | Reached XP level 2. HP: 20/26 MP: 3/3
   492 | D:1      | Glimpsed the power of Zot.
   582 | D:2      | Reached XP level 3. HP: 31/31 MP: 4/4
   586 | D:2      | Reached skill level 4 in Long Blades
   680 | D:2      | Reached XP level 4. HP: 32/38 MP: 5/5
   830 | D:3      | Found Anoif's General Store.
   835 | D:3      | You fall into a shaft and drop 2 floors!
   835 | D:5      | Entered Level 5 of the Dungeon
   854 | D:5      | Reached skill level 5 in Long Blades
   854 | D:5      | Reached XP level 5. HP: 21/45 MP: 6/6
   916 | D:4      | Killed from afar by an orc priest

Illustrated notes

Levels and vault maps discovered:
D:1:      lordsloth_arrival_two_stooges, layout_basic
D:2:      minmay_roachtagon, layout_rooms
D:3:      layout_loops_cross, nicolae_dithmenos_through_a_glass_darkly,
          serial_shops, nicolae_square_shop, serial_rivers,
          chequers_serial_rivers_micro_d, chequers_serial_rivers_large_a,
          chequers_serial_rivers_room_b, chequers_serial_rivers_room_b,
          chequers_serial_rivers_room_b
D:4:      layout_loops_corners, hex_medium, minmay_manual_mail, uniq_pikel
D:5:      layout_cave_pods, nicolae_qazlal_style_of_elements,
          nicolae_ru_sacrificial_ziggurat,
          nicolae_uskayaw_murder_on_the_dancefloor, kennysheep_little_box,
          minmay_temple_entry_statues, serial_column_ruins,
          column_ruins_columns_dead_end, column_ruins_open_tiny,
          column_ruins_columns_straight, column_ruins_open_large,
          column_ruins_open_medium_water, dreamdust_wishing_well,
          hangedman_abyss_or_decor_lesser_grid

Skill      XL: |  1  2  3  4 |
---------------+-------------+-----
Long Blades    | 3 4 5 |  5.6
Fighting       | |  3.2
Armour         | |  3.6
Shields        | |  3.6

Action                     |  1- 3 |  4- 6 || total
---------------------------+-------+-------++-------
  Melee: Long sword        |    87 |    56 ||   143
 Armour: Scale mail        |    56 |    23 ||    79
  Dodge: Dodged            |    38 |    14 ||    52
  Block: Buckler           |    32 |    10 ||    42

Table legend: (Time is in decaauts)
 A = Elapsed time spent in this place.
 B = Non-inter-level travel time spent in this place.
 C = Inter-level travel time spent in this place.
 D = Time resting spent in this place.
 E = Time spent auto-exploring this place.
 F = Levels seen in this place.
 G = Mean time per level.
                   A        B        C        D        E       F      G
               +--------+--------+--------+--------+--------+-----+--------+
         Total |    947 |    914 |     33 |      0 |    576 |   5 |  189.4 |
       Dungeon |    947 |    914 |     33 |      0 |    576 |   5 |  189.4 |
               +--------+--------+--------+--------+--------+-----+--------+

Top non-repeatable levels by time:
     D:1: 513 daAuts
     D:2: 306 daAuts
     D:5: 44 daAuts
     D:4: 42 daAuts
     D:3: 40 daAuts
